[Event "European Women Blitz-ch 2024"]
[Site "Monaco"]
[Date "2025.01.10"]
[Round "5.1"]
[White "Khademalsharieh, Sarasadat"]
[Black "Paehtz, Elisabeth"]
[Result "0-1"]
[Annotator "TA"]
[ECO "E62"]
[WhiteElo "2458"]
[BlackElo "2428"]
[PlyCount "116"]
[EventDate "2025.01.06"]
[EventType "swiss"]
[EventCountry "MNC"]
[SourceTitle "playchess.com"]
[Source "ChessBase"]
[SourceQuality "1"]
[TimeControl "180+2"]

1. d4 Nf6 2. c4 g6 3. g3 Bg7 4. Bg2 O-O 5. Nc3 d6 6. Nf3 c6 7. O-O Bf5 8. Nh4 Be6 9. d5 cxd5 10. cxd5 Bd7 11. e4 Na6 12. Nf3 Bg4 13. h3 Bxf3 14. Qxf3 Nd7 15. Qe2 Rc8 16. Bd2 Qb6 17. Be3 Ndc5 18. Rab1 Qb4 19. Nb5 Qa5 20. b4 Nxb4 21. Bd2 Nca6 {[%emt 0:00:15] [#]} (21... Qxa2 $15 {keeps the upper hand.} 22. Rxb4 Nb3 23. Rxb3 Qxb3) 22. a3 $1 $16 (22. Nxa7 Rc2 23. Rfc1 (23. Rxb4 $2 Qxb4 24. Rd1 Qa4 $19) 23... Qxa2 (23... Rxa2 24. Nc8 $11) 24. Rxc2 Qxb1+ (24... Qxc2 25. Rc1 $17) 25. Rc1 Qb2 $17) 22... Rc5 23. Nxd6 ({Much weaker is} 23. Nxa7 Qxa3 24. Be3 Rc2 $15) (23. Rfc1 $16 {Bf1 is the strong threat.} Qxb5 24. Qxb5 Rxb5 25. axb4) 23... exd6 $2 (23... Qxa3 $11 24. Nc4 (24. Nxb7 Rc7 $11) 24... Qa2 (24... Qd3 25. Qxd3 Nxd3 26. Na5 $15)) 24. axb4 $18 Qb5 {[%emt 0:00:01] [#]} 25. Qe3 (25. Qxb5 $1 $18 Rxb5 26. Rfc1) 25... Rc2 26. Rfd1 Qc4 27. Bf1 (27. Qxa7 $2 {loses.} Bd4 28. Qxb7 Qe2 $19) 27... Qd4 28. Bxa6 (28. Qe1 $16) 28... bxa6 $14 29. Qxd4 Bxd4 30. Be1 Bb6 31. Ra1 Re2 32. Rxa6 Rxe4 33. Kf1 Rfe8 34. Bc3 Rc4 35. Rd3 f5 36. Ra2 Kf7 37. Re2 Rxe2 38. Kxe2 Re4+ 39. Kf3 h5 40. Bd2 Rd4 41. Rxd4 Bxd4 42. Bf4 Ke7 43. b5 Bc5 44. Ke2 Kf6 45. h4 Ke7 46. f3 Kf6 47. Kd3 Ke7 48. Kc4 Kd7 49. Kb3 Kc7 50. Ka4 (50. Kc3 $11) 50... Kb6 $17 51. Bd2 Bf2 52. Bf4 $2 (52. Kb4 $17) 52... Kc5 $19 53. Ka5 Kxd5 54. Ka6 Kc5 55. Bg5 d5 56. Be7+ Kc4 57. Bd6 d4 58. Bf4 d3 0-1

[Event "European Women Blitz-ch 2024"]
[Site "Monaco"]
[Date "2025.01.10"]
[Round "5.2"]
[White "Arabidze, Meri"]
[Black "Kazarian, Anna-Maja"]
[Result "1-0"]
[Annotator "TA"]
[ECO "D78"]
[WhiteElo "2457"]
[BlackElo "2206"]
[PlyCount "115"]
[EventDate "2025.01.06"]
[EventType "swiss"]
[EventCountry "MNC"]
[SourceTitle "playchess.com"]
[Source "ChessBase"]
[SourceQuality "1"]
[TimeControl "180+2"]

1. d4 d5 2. c4 c6 3. Nf3 Nf6 4. g3 g6 5. Bg2 Bg7 6. O-O O-O 7. a4 a5 8. cxd5 cxd5 9. Nc3 Ne4 10. Qb3 Nxc3 (10... Nc6 $11) 11. bxc3 $16 Nc6 12. Ba3 b6 (12... Rb8 $142) 13. Rfb1 (13. Rfe1) 13... Rb8 $16 14. Nd2 (14. Ng5 $16) 14... Be6 $14 15. e3 Qd7 16. c4 (16. Qb5 $14) 16... dxc4 $1 $11 17. Nxc4 Rfc8 $1 18. Nxb6 Qc7 $2 {[%emt 0:00:49] [#]} (18... Nxd4 $1 $11 {and Black is okay.} 19. Nxd7 (19. exd4 Qxd4 20. Bd5 Rc6 $17) 19... Ne2+ (19... Nxb3 20. Nxb8 Bxa1 21. Nc6 $16) (19... Rxb3 20. Rxb3 Nxb3 21. Rd1 $11) 20. Kh1 Rxb3 21. Rxb3 Bxb3) 19. d5 $2 ({Only move:} 19. Qb5 $1 $18 Nxd4 20. exd4 Bxd4 21. Nxc8 Rxb5 22. Nxe7+ Kg7 23. axb5) 19... Bf5 $11 20. e4 $2 (20. dxc6 $11 {and White has nothing to worry.} Bxa1 21. Rxa1 (21. e4 $2 Be6 $19) 21... Rxb6 22. Qc3) 20... Nd4 $2 (20... Bxa1 $19 21. dxc6 Be6) 21. Qd1 $11 Rxb6 22. exf5 Nc2 $2 {[%emt 0:00:08][%mdl 8192] [#]} (22... Nxf5 $11 23. Rc1 Qd8 24. Rxc8 Qxc8) 23. Rxb6 $1 $18 Qxb6 24. Rb1 $2 (24. Rc1 $18 {is the precise move to win.} Rc3 25. Bxe7 (25. Rxc2 Rxa3 26. Rc8+ Bf8 $16)) 24... Qf6 25. Bb2 ({White should play} 25. Rc1 $16 Bh6 26. Bxe7 (26. Rxc2 Rxc2 27. Qxc2 Qa1+ 28. Bf1 Qxa3 $16) 26... Qxe7 27. Rxc2 Rxc2 28. Qxc2) 25... Qxf5 $14 26. Bxg7 Kxg7 27. Rc1 f6 $2 ({Black should try} 27... h5 $1 $14) 28. g4 $18 Qd7 29. Rxc2 Qxa4 30. Rd2 Qb4 $2 (30... Qxd1+ 31. Rxd1 Kf8) 31. d6 $18 exd6 32. Rxd6 Qf4 33. Rd7+ Kh6 34. Qd2 (34. Rxh7+ $142 Kxh7 35. Qd7+ Kh6 36. Qxc8) 34... Rc1+ 35. Bf1 Qxd2 36. Rxd2 Kg5 37. h3 Ra1 (37... Rc5 {keeps fighting.} 38. Rd7 h5 39. gxh5 gxh5) 38. Kg2 a4 39. Bc4 a3 40. Bg8 h5 41. gxh5 Kxh5 42. Rd5+ g5 $2 (42... Kh6 43. Rd7 Kg5) 43. Ra5 $18 Kg6 44. Be6 Kh6 45. Kf3 Kg6 46. Bf5+ Kf7 47. Ra7+ Ke8 48. Be6 (48. Kg4 $142 Kd8 49. Kh5) 48... Kd8 49. Kg4 Re1 50. Kf5 Re2 51. Kxf6 Rxf2+ 52. Kxg5 Rf3 53. h4 Ke8 54. h5 Kf8 55. h6 Rg3+ 56. Kf6 Rf3+ 57. Bf5 Ke8 58. Ra8# 1-0

[Event "European Women Blitz-ch 2024"]
[Site "Monaco"]
[Date "2025.01.10"]
[Round "5.3"]
[White "Javakhishvili, Lela"]
[Black "Matnadze Bujiashvili, Ann"]
[Result "0-1"]
[Annotator "TA"]
[ECO "A30"]
[WhiteElo "2426"]
[BlackElo "2315"]
[PlyCount "146"]
[EventDate "2025.01.06"]
[EventType "swiss"]
[EventCountry "MNC"]
[SourceTitle "playchess.com"]
[Source "ChessBase"]
[SourceQuality "1"]
[TimeControl "180+2"]

1. Nf3 Nf6 2. b3 g6 3. Bb2 Bg7 4. g3 b6 5. Bg2 Bb7 6. O-O O-O 7. c4 c5 8. d4 cxd4 9. Qxd4 Nc6 10. Qd1 d5 11. cxd5 Qxd5 12. Nc3 Qa5 13. a3 Rfd8 14. Qc2 Rac8 15. Rad1 Qf5 16. Qxf5 gxf5 17. Nb5 Ne4 18. Bxg7 Kxg7 19. Rxd8 Rxd8 20. e3 Ba6 21. a4 e6 22. Rc1 Bb7 23. Nfd4 Nxd4 24. Nxd4 Rd7 25. Bf1 Nc5 26. b4 Ne4 27. a5 Bd5 28. Bb5 Re7 29. a6 Kf6 30. Bc6 Ke5 31. b5 Rc7 32. Rd1 Nc3 33. Rd2 Kd6 34. Rd3 Ne4 35. Nxf5+ Kc5 36. Nd4 Ng5 37. h4 Ne4 (37... Bxc6 $2 38. Rc3+ Kb4 39. Rxc6 (39. Nxc6+ $2 Kxc3 40. hxg5 Kc4 $19) (39. Rb3+ Ka4 $11) 39... Rxc6 (39... Nh3+ $2 40. Kg2 $18) 40. bxc6 $18) 38. Rd1 (38. Bxd5 $14 Kxd5 39. Kg2) 38... Kb4 (38... Nc3 $11 39. Rc1 Kb4) 39. h5 (39. Rb1+ $14 Kc4 40. Rc1+ Kd3 41. Rd1+ Kc4 42. Rc1+) 39... Nc3 $11 40. Re1 (40. Rd2 $11) 40... Bc4 (40... Bxc6 $17 41. bxc6 e5) 41. Kh2 (41. f4 $1 $11 {keeps the balance.}) 41... e5 $1 $17 42. Nf5 f6 $2 (42... Bxb5 $17 43. Bb7 Bc6) 43. Nd6 $1 $14 Bxb5 $2 (43... Nxb5 $2 44. Bxb5 Bxb5 45. Rb1+ Ka5 46. Rxb5+ $18 (46. Nxb5 Rc5 $18)) (43... Be6 $1 $14) 44. Bxb5 $18 Kc5 45. Bf1 $2 (45. Ne8 $18 Re7 46. Nxf6 (46. Bd3 e4 $16) 46... Kxb5 47. g4) 45... Kxd6 $17 46. Kh3 Ne4 (46... b5 $17 {White must now prevent ...b4.} 47. Rc1 Rc5 (47... b4 48. Rc2 $15)) 47. Re2 $15 Rc3 (47... b5 $6 48. Rb2 $16) 48. Bg2 Nc5 49. Ra2 Rd3 50. Kg4 Ke6 51. Bf1 f5+ 52. Kh4 Rd1 53. Bg2 Kf6 54. g4 fxg4 55. Kxg4 h6 56. Kg3 Rd8 57. Bf3 e4 58. Bg4 Ke5 59. f4+ exf3 60. Kxf3 Rf8+ 61. Kg3 (61. Ke2 $15) 61... Rg8 (61... Ke4 $17) 62. Kf3 (62. Kh4 $11) 62... Rf8+ 63. Kg3 $1 Ne4+ 64. Kh4 $2 (64. Kg2 $17) 64... Rf1 $2 (64... Rf2 $1 $19 65. Rxf2 Nxf2) 65. Bh3 $17 Rh1 66. Kg4 Rg1+ (66... Re1 $17) 67. Kh4 {[%emt 0:00:01] [#]} ({Better is} 67. Bg2 $15) 67... Ng5 (67... Rc1 $1 $17 68. Bg2 Rc4) 68. Bg2 $11 Re1 69. Rc2 Rxe3 70. Rc7 $2 {[%emt 0:00:01] [#]} (70. Rc6 $11 {and White has nothing to worry.}) 70... Kf4 $2 ({Black should try} 70... Ra3 $1 $19 71. Bb7 b5) 71. Rxa7 $2 (71. Rc4+ $11 Ke5 72. Rc6) 71... Re2 $2 (71... Rh3+ {mates} 72. Bxh3 Nf3#) 72. Rf7+ $2 (72. Ra8 $11 Nf3+ (72... Rxg2 73. Rf8+ $16) 73. Kh3 Ng5+ 74. Kh2) 72... Nxf7 73. a7 Rxg2 0-1

[Event "European Women Blitz-ch 2024"]
[Site "Monaco"]
[Date "2025.01.10"]
[Round "5.4"]
[White "Kulon, Klaudia"]
[Black "Wagner, Dinara"]
[Result "1-0"]
[Annotator "TA"]
[ECO "A13"]
[WhiteElo "2393"]
[BlackElo "2437"]
[PlyCount "187"]
[EventDate "2025.01.06"]
[EventType "swiss"]
[EventCountry "MNC"]
[SourceTitle "playchess.com"]
[Source "ChessBase"]
[SourceQuality "1"]
[TimeControl "180+2"]

1. c4 Nf6 2. g3 e6 3. Bg2 d5 4. Nf3 dxc4 5. O-O a6 6. a4 Nc6 7. Na3 Na5 8. Qc2 Qd5 $1 9. Rd1 Bd6 10. d3 cxd3 11. Rxd3 Qh5 12. Bd2 O-O 13. h3 Nc6 $1 14. Nc4 Bb4 15. Nce5 Nxe5 16. Bxb4 Nxd3 17. Bxf8 Kxf8 18. Qxd3 Bd7 19. Nd4 {[%emt 0:00:10] Wards off Bc6} Rb8 20. Qa3+ Kg8 21. Rc1 e5 22. Nf3 e4 $1 (22... Bxh3 23. Bxh3 Qxh3 24. Rxc7 $14) 23. Nd4 (23. Rc5 $15 Qh6 24. Ne5) 23... Qe5 (23... Bxh3 $17 {and ...Rd8 would now be decisive} 24. Qe7 Bxg2 25. Kxg2 Ng4 26. Qxe4 Qh2+ 27. Kf3 Nf6 (27... Qxf2+ $2 28. Kxg4 Rd8 29. Nf3 $18) (27... Nxf2 28. Qe5 $17)) 24. e3 $15 c6 25. a5 h6 26. Qb4 Be8 27. Qb6 ({White should try} 27. Ne2 $15) 27... Nd5 (27... Nd7 $1 $17 28. Qa7 Qxa5 (28... c5 $2 29. Nc2 $19) 29. Bxe4 Qb4) 28. Qa7 Nb4 (28... Bd7 $11) 29. Rc4 {[%emt 0:00:05] White is more active.} (29. Bxe4 $14 Rd8 30. Qb6 (30. Qxb7 Na2 $17)) 29... Nd3 {[%emt 0:00:00] [#]} (29... Nd5 $1 $11) 30. Bxe4 $1 $16 Nxb2 (30... Qxe4 31. Qxb8) 31. Rb4 $2 (31. Rc5 $16 Qd6 32. Nf5 Qd1+ 33. Kh2) 31... Rd8 $1 $11 32. Bxc6 $2 (32. Rxb2 Qxe4 33. Qxb7 Kh7 $17) (32. Nf3 $11 {and White is okay.} Qe7 (32... Qxa5 $2 33. Rxb2 Qa1+ 34. Rb1 $18) (32... Rd1+ 33. Kg2 $16) 33. Qxb7 (33. Rxb2 Qxe4 34. Nd2 Qe5 $19)) 32... Nd3 (32... Qxa5 33. Qxb7 (33. Rxb2 $2 Qa1+ 34. Kg2 Qxb2 $19) 33... Nd3 34. Rb1 $11) (32... Bxc6 33. Qb6 Rxd4 34. Qxd4 Qxd4 (34... Qxa5 35. Qxb2 Qd5 36. e4 $11) 35. exd4 $17) (32... bxc6 $142 33. Qb6 Rd6 (33... Nd3 $2 34. Rb3 $19)) 33. Rxb7 $2 (33. Qxb7 $2 Qf6 (33... Qxa5 34. Bxe8 Rxe8 35. Rb1 $17) (33... Nxb4 $2 34. Bxe8 Rxe8 35. Qxb4 $19) 34. Bf3 Nxb4 35. Qxb4 Rxd4 36. exd4 Qxf3 $19) (33. Bxe8 Nxb4 34. Qxb7 Rxe8 (34... Qxa5 $2 35. Bxf7+ Kh8 36. Ne6 $18) 35. Qxb4) 33... Qf6 34. Bf3 (34. Qxa6 Qxf2+ (34... Nxf2 35. Bb5 $11) 35. Kh1 Nc5 (35... Qxe3 $2 36. Kh2 $19) (35... Qxg3 $2 36. Bg2 $19)) 34... Ne1 $4 (34... Rxd4 $1 $19 35. exd4 Qxf3) 35. Bg2 $2 (35. Be4 $18 {is the precise move to win.}) 35... Nd3 $2 (35... Nxg2 $16 {was called for.} 36. Rb6 (36. Kxg2 $2 Bc6+ 37. Kf1 Bxb7 $19) 36... Qe5 (36... Rd7 $2 37. Qxd7 Bxd7 38. Rxf6 $18) 37. Kxg2 Qxa5) 36. Nf3 $2 ({White has to play} 36. f4 $1 $18 {Hoping for Rb6.} Qg6 37. g4) 36... Bc6 (36... Qa1+ $1 $11 37. Bf1 Qf6) 37. Rb6 (37. Rb8 $1 $14 Qa1+ 38. Bf1 Rxb8 39. Qxb8+ Kh7 40. Qc8) 37... Qa1+ 38. Kh2 Bxf3 39. Bxf3 Nxf2 $2 (39... Qf1 $11 {and Black has nothing to worry.} 40. Bg2 (40. Rxa6 $2 Qxf2+ 41. Bg2 Ne1 $19) 40... Qxf2) 40. Rb8 $2 (40. Rxa6 Qe5 41. Rc6 Nd1 $15) (40. Qxa6 Qa2 41. Bg2 Nd3 $11) (40. Bd5 $1 $18 Rf8 41. Rb8 (41. Qxa6 Nd1 $16) (41. Rxa6 Qe1 $14) 41... Rxb8 42. Qxb8+ Kh7 43. Qf4) 40... Rxb8 (40... Qxa5 $11 41. Qa8 (41. Rxd8+ Qxd8 42. Qxa6 Qe8 $11) 41... Rxb8 42. Qxb8+ Kh7) 41. Qxb8+ {[%emt 0:00:01][%mdl 4096] Endgame KQB-KQN} Kh7 {[%emt 0:00:00][%cal Oa1a2] [#]} 42. Qf4 (42. Qb3 $1 $16 ) 42... Qb2 {[%emt 0:00:02] ( -> ...Ng4+)} 43. Bg2 (43. Qxf7 $2 Ng4+ 44. Kg1 Qh2+ 45. Kf1 Qf2#) 43... Qa2 (43... Nd1 $1 $11) 44. g4 (44. Qf3 $16) 44... g6 45. Kg3 (45. Qf6 Nd1 46. Qf3 Nc3) 45... Nd3 46. Qd6 (46. Qf6 $11) 46... Qe2 (46... Qf2+ $17 47. Kh2 Ne1 (47... Qxe3 48. Qxa6 Qe5+ 49. Kg1 $11)) 47. Qe7 (47. Qxa6 $11 {keeps the balance.} Qxe3+ 48. Kh2) 47... Kg7 (47... Qf2+ {simplifies} 48. Kh2 Ne1 49. Qe4 Nxg2 50. Qxg2 Qxe3 51. Qb7 Qf2+) 48. Qe4 Qf2+ 49. Kh2 Ne1 50. Qe5+ Kh7 51. Qe4 Nxg2 52. Qxg2 Qxe3 $17 {[%emt 0:00:01] KQ-KQ. Black is a pawn up.} 53. Qa2 Qe5+ 54. Kg2 Kg7 55. Qa3 Qd5+ 56. Kh2 Qe5+ 57. Kg2 h5 58. gxh5 Qxh5 59. Qc3+ Kh7 60. Qc4 Qg5+ 61. Kh2 Qf6 (61... Qxa5 $6 62. Qxf7+ Kh6 63. Qf4+ Kg7 64. Qd4+ Kh7 65. Qh4+ Kg8 66. Qf6 $11) 62. Kg2 Kg7 63. Qc5 {[%emt 0:00:03] Dodges Qg5+} Qe6 (63... Kh6 $17 {( -> ...Qg5+)} 64. Qc4 Kg7) 64. Qb6 (64. Qd4+ $1 $15 Qf6 65. Qc5) 64... Qe4+ 65. Kh2 Qc2+ 66. Kg3 Qd3+ 67. Kg2 g5 68. Kh2 f6 ({Better is} 68... Qe2+ $17 69. Kg1 Qd3) 69. Kg2 Qe4+ 70. Kh2 Qe2+ 71. Kg1 Qd1+ 72. Kg2 Qd2+ 73. Kg1 Qd3 74. Kg2 Kg6 75. Kh2 Qe2+ 76. Kg1 Kf5 77. Kh1 Qd1+ 78. Kg2 Qe2+ 79. Kg1 (79. Qf2+ Qxf2+ 80. Kxf2 Ke4 81. Kg3 f5 82. h4 gxh4+ 83. Kxh4 f4 84. Kh3 f3 85. Kg3 Ke3 86. Kg4 f2 87. Kf5 f1=Q+ (87... f1=R+ {gets mated.} 88. Ke5 Ra1 89. Ke6 Rxa5 90. Ke7 Re5+ 91. Kf7 Kf4 92. Kf6 a5 93. Kg6 a4 94. Kg7 a3 95. Kf7 a2 96. Kg8 a1=Q 97. Kg7 Rh5+ 98. Kg6 Qa7 99. Kxh5 Qh7#) 88. Ke5 Qf7 89. Kd6 Qf6+ 90. Kc7 Kd4 91. Kb8 Qe7 92. Kc8 Kc5 93. Kb8 Kc6 94. Kc8 Qf8#) 79... Qe1+ 80. Kg2 Qd2+ 81. Kg1 Qd3 82. Kg2 Kg6 83. Kh2 Qe2+ 84. Kg1 Qd3 85. Kg2 {[%emt 0:00:01] Against Qg3+} Qc4 86. Kh2 Qf1 87. Kg3 Kh5 (87... Qe2 $15) 88. Qd8 (88. Qe6 $1 $11) 88... Qf4+ 89. Kg2 Qe4+ 90. Kh2 Qe5+ 91. Kg2 f5 92. Qb6 $2 (92. Qf8 $15) 92... Qe2+ 93. Kg1 {[%emt 0:00:01] [#]} Qe3+ $4 94. Qxe3 1-0

[Event "European Women Blitz-ch 2024"]
[Site "Monaco"]
[Date "2025.01.10"]
[Round "5.5"]
[White "Ushenina, Anna"]
[Black "Tsolakidou, Stavroula"]
[Result "1/2-1/2"]
[Annotator "TA"]
[ECO "E62"]
[WhiteElo "2418"]
[BlackElo "2451"]
[PlyCount "84"]
[EventDate "2025.01.06"]
[EventType "swiss"]
[EventCountry "MNC"]
[SourceTitle "playchess.com"]
[Source "ChessBase"]
[SourceQuality "1"]
[TimeControl "180+2"]

1. Nf3 Nf6 2. c4 g6 3. d4 Bg7 4. g3 O-O 5. Bg2 d6 6. O-O Nc6 7. Nc3 e5 8. dxe5 dxe5 9. Bg5 h6 10. Qxd8 Rxd8 11. Bxf6 Bxf6 12. Nd5 Kg7 13. Nxc7 Rb8 14. Nd5 e4 15. Nd2 (15. Nxf6 $2 exf3 16. Bxf3 Kxf6 $19) 15... e3 16. fxe3 (16. Nxe3 $2 Rxd2 17. Rfe1 Bd4 $19 (17... Rxb2 $2 18. Rab1 $19) (17... Bxb2 $2 18. Rad1 $19)) 16... Bxb2 17. Rab1 Be5 (17... Ba3 $5) 18. Ne4 ({Better is} 18. Nb3) 18... Bf5 19. Rb5 {[%emt 0:00:53] Wards off Na5} b6 {[%emt 0:00:41] Prevents Nc5} 20. Nb4 (20. Nf4 $11) 20... Nxb4 $15 21. Rxe5 Be6 22. Rb5 Nxa2 23. c5 Bc4 24. Rb2 $1 bxc5 25. Rc2 Bb3 26. Rxc5 Nb4 27. Rc7 a5 {[%emt 0:00:02] With the idea ...a4.} 28. Nc5 Ba2 $36 {[%emt 0:00:04][%mdl 2048] Black fights for an advantage.} 29. Ra7 Rb5 {[%emt 0:00:05] [#]} 30. Nd3 Bc4 (30... Nxd3 $17 31. Rd1 a4) 31. Nf4 Bb3 32. Ra1 (32. Be4 $11 {remains equal.}) 32... a4 $17 33. Nd3 Nxd3 34. exd3 Rxd3 (34... Re5 $17 35. Be4 Rc8) 35. Bf1 $11 Rbd5 36. Bxd3 Rxd3 {[%emt 0:00:01][%mdl 4096] Endgame KRR-KRB} 37. Re7 Rd2 38. Ra7 Kf6 39. R1xa4 Bxa4 40. Rxa4 Re2 41. Re4 Kf5 42. Re7 Kf6 1/2-1/2

[Event "European Women Blitz-ch 2024"]
[Site "Monaco"]
[Date "2025.01.10"]
[Round "5.6"]
[White "Sliwicka, Alicja"]
[Black "Kosteniuk, Alexandra"]
[Result "0-1"]
[Annotator "TA"]
[ECO "B12"]
[WhiteElo "2344"]
[BlackElo "2484"]
[PlyCount "82"]
[EventDate "2025.01.06"]
[EventType "swiss"]
[EventCountry "MNC"]
[SourceTitle "playchess.com"]
[Source "ChessBase"]
[SourceQuality "1"]
[TimeControl "180+2"]

1. e4 c6 2. d4 d5 3. e5 c5 4. Nf3 Bg4 5. dxc5 Nc6 6. c3 e6 7. Be3 Bxf3 8. Qxf3 a6 {[%emt 0:00:00] Prevents Bb5} 9. b4 ({White should play} 9. Qg3 $14) 9... Nxe5 10. Qg3 Ng6 ({Better is} 10... Nc6 $11) 11. h4 Nf6 12. h5 Ne4 13. Qh2 Ne7 14. Bd3 Nf5 15. Bxe4 (15. Bf4 $5) 15... dxe4 16. O-O (16. Qf4 $11) 16... Nxe3 17. fxe3 Qg5 18. Qh3 {[%emt 0:00:15] [#]} (18. Qc7 $11 Qxe3+ (18... Qxh5 $2 19. Qxb7 Rd8 20. Qc6+ Ke7 21. Qxa6 $18) 19. Kh1) 18... f5 (18... Rd8 $1 $17 {[%cal Rd8d3] and ...Rd3 should not be overlooked} 19. Na3 Rd3) 19. Nd2 $11 Be7 $36 {[%emt 0:00:10][%mdl 2048] Black has good play.} 20. Nb3 (20. Nxe4 $11 {remains equal.} fxe4 21. Qxe6) 20... O-O {[%emt 0:00:12] Black is more active.} 21. Nd4 (21. Rad1 $1 $15) 21... Rf6 $17 22. Rae1 (22. Rad1 $17) 22... Raf8 $19 23. Qh2 Rh6 24. Qc7 $2 (24. Re2 {was worth a try.}) 24... Bd8 25. Qd7 ({Reject} 25. Qxb7 Qxh5 26. Rf4 Bg5 $19) 25... Qxh5 (25... Rxh5 26. Qxe6+ (26. Nxe6 Qh6 $18) 26... Kh8 27. Nxf5 $18 (27. Qxe4 Bc7 $11)) 26. Nxe6 Qh2+ 27. Kf2 Bh4+ 28. Ke2 Qxg2+ 29. Kd1 {[%emt 0:00:01] Threatens to win with Rg1.} Rxe6 (29... Bxe1 30. Rxf5 Qg4+ 31. Kc1 $11) 30. Qxe6+ Kh8 31. Qd6 $2 (31. Kc1 Bxe1 32. Rxe1) 31... Rd8 32. Rg1 Qxa2 33. Ref1 Rxd6+ 34. cxd6 Qd5+ (34... Qb1+ $142 35. Kd2 Qd3+ 36. Kc1 Qxc3+ (36... Qxd6 37. Rxf5 Kg8 38. Rgf1 $19) (36... Qxe3+ $2 37. Kb2 $19) 37. Kd1 Qd3+ (37... Qxb4 $2 38. Rxf5 Qxd6+ 39. Kc2 $19) (37... Qxe3 $2 38. d7 $19) 38. Kc1 Qxe3+ (38... Qxd6 $2 39. Rxf5 Qxb4 40. Rd1 $19) 39. Kc2 Qd3+ 40. Kc1 Qc3+ (40... Qxd6 $2 41. Rxf5 e3 42. Rg2 $19) (40... g6 $2 41. d7 $19) 41. Kb1 Bf6 (41... Qxb4+ $2 42. Kc2 $19) 42. Rg2 Qd3+ (42... Qxb4+ $2 43. Kc1 $19) 43. Ka2 Qc4+ (43... Qxf1 {gets mated.} 44. Rc2 Qa1+ 45. Kb3 Qb1+ 46. Kc4 Qxc2+ 47. Kd5 Qc8 48. b5 axb5 49. d7 Qc6#) 44. Ka3 Qxf1 45. d7 Qxg2 46. d8=Q+ Bxd8 47. b5 Qc2 (47... axb5 48. Kb4 Qb2+ 49. Kc5 Bc7 50. Kd5 Qe5#) 48. Kb4 a5+ 49. Ka3 Be7#) 35. Kc2 Qd3+ 36. Kb2 Bf6 37. Rc1 Qxd6 38. Rgd1 Qh2+ 39. Kb3 h6 40. Rd7 b5 41. Rd6 Qxd6 0-1

[Event "European Women Blitz-ch 2024"]
[Site "Monaco"]
[Date "2025.01.10"]
[Round "5.7"]
[White "Stefanova, Antoaneta"]
[Black "Hejazipour, Mitra"]
[Result "1/2-1/2"]
[Annotator "TA"]
[ECO "D05"]
[WhiteElo "2418"]
[BlackElo "2310"]
[PlyCount "246"]
[EventDate "2025.01.06"]
[EventType "swiss"]
[EventCountry "MNC"]
[SourceTitle "playchess.com"]
[Source "ChessBase"]
[SourceQuality "1"]
[TimeControl "180+2"]

1. d4 Nf6 2. Nf3 e6 3. e3 d5 4. Nbd2 c5 5. b3 b6 6. Bb2 Be7 7. Ne5 O-O 8. Bd3 Nfd7 9. f4 f5 10. O-O Nxe5 11. dxe5 Bb7 12. c4 Na6 13. Nf3 Nb4 14. Be2 dxc4 15. Bxc4 Bd5 16. Qe2 Bxc4 17. Qxc4 Qd5 18. Qxd5 Nxd5 19. Kf2 Rfd8 20. Ke2 b5 21. Rfd1 Nb4 22. a3 Nc6 23. Rxd8+ Rxd8 24. Bc3 h6 25. Nd2 Kf7 26. g3 Rd7 27. a4 b4 28. Bb2 Na5 29. Rd1 g5 30. h3 Ke8 31. Bc1 Kf7 32. Rf1 Kg6 33. g4 fxg4 34. hxg4 gxf4 35. exf4 Rd4 36. Bb2 Rd8 37. f5+ Kg5 38. fxe6 Kxg4 39. Rf7 Bg5 40. Ne4 Nxb3 41. Rxa7 Nd4+ 42. Bxd4 cxd4 43. Kd3 Kf5 44. e7 Bxe7 45. Rxe7 Ra8 46. Nc5 b3 47. Rb7 Kxe5 48. Rxb3 Kd5 49. Rb5 Kc6 50. Nb3 Rxa4 51. Rh5 Rb4 52. Nxd4+ Kd6 53. Rxh6+ Kd5 54. Rh5+ Kd6 55. Ke4 Ra4 56. Rh6+ Kd7 57. Kd5 Ra5+ 58. Kc4 Ra4+ 59. Kc5 Ra5+ 60. Nb5 Ra1 61. Rh7+ Ke6 62. Nd4+ Ke5 63. Re7+ Kf6 64. Re2 Ra5+ 65. Kd6 Ra6+ 66. Nc6 Kf5 67. Kd5 Kf4 68. Re4+ Kf3 69. Nd4+ Kg3 70. Re3+ Kg4 71. Rf3 Ra8 72. Rf7 Rd8+ 73. Ke5 Re8+ 74. Ne6 Kg3 75. Rb7 Kf3 76. Rb3+ Kg4 77. Rb4+ Kf3 78. Kf5 Ra8 79. Rb3+ Kf2 80. Kf4 Ra4+ 81. Ke5 Ra5+ 82. Ke4 Ra8 83. Rf3+ Ke2 84. Nd4+ Kd2 85. Rd3+ Kc1 86. Rc3+ Kb2 87. Rb3+ Ka2 88. Rb7 Rh8 89. Kd3 Rh3+ 90. Kc4 Rh4 91. Kd3 Rh3+ 92. Kd2 Rh2+ 93. Ne2 Ka3 94. Kd3 Ka4 95. Kc4 Ka5 96. Nd4 Ka6 97. Rb3 Rh4 98. Rb4 Rh8 99. Rb3 Rh4 100. Kc5 Rh5+ 101. Kd6 Rh6+ 102. Ne6 Ka5 103. Rb8 Ka4 104. Kd5 Ka5 105. Kc5 Rh5+ 106. Kc4 Rh4+ 107. Nd4 Ka6 108. Rb2 Ka7 109. Rb4 Ka6 110. Kb3 Rh3+ 111. Ka4 Rh4 112. Kb3 Rh3+ 113. Kc4 Rh4 114. Rb2 Ka5 115. Kc5 Rh5+ 116. Kc4 Rh4 117. Rb8 Ka6 118. Kc5 Rh5+ 119. Kd6 Rh6+ 120. Ne6 Ka5 121. Kc5 Rxe6 122. Ra8+ Ra6 123. Rxa6+ Kxa6 1/2-1/2

[Event "European Women Blitz-ch 2024"]
[Site "Monaco"]
[Date "2025.01.10"]
[Round "5.8"]
[White "Batsiashvili, Nino"]
[Black "Narva, Mai"]
[Result "0-1"]
[Annotator "TA"]
[ECO "A43"]
[WhiteElo "2476"]
[BlackElo "2398"]
[PlyCount "67"]
[EventDate "2025.01.06"]
[EventType "swiss"]
[EventCountry "MNC"]
[SourceTitle "playchess.com"]
[Source "ChessBase"]
[SourceQuality "1"]
[TimeControl "180+2"]

1. d4 g6 2. c4 Bg7 3. Nc3 c5 4. d5 Bxc3+ 5. bxc3 d6 6. e4 e5 7. dxe6 (7. Bd3 $16) 7... Bxe6 $14 8. Bd3 Nc6 9. f4 ({White should play} 9. Ne2 $14) 9... Qa5 10. Bd2 {[%emt 0:00:10] [#]} (10. Qb3 $15) 10... Nf6 {[%emt 0:00:48] Black is more active.} (10... Qa6 $1 $17 11. Qb3 Nf6) 11. Nf3 $11 h6 (11... Qa6 $11) 12. f5 $14 gxf5 13. exf5 Bd7 14. Qe2+ Kd8 15. O-O Kc7 16. Qf2 (16. Qe1 $16) 16... Ng4 17. Qg3 (17. Qh4 $1 $14 Nge5 18. Be4) 17... Nge5 18. Nxe5 Nxe5 19. Be4 $1 Rhg8 $36 {[%emt 0:00:06][%mdl 2048] Black has good play.} 20. Qh3 Nxc4 21. Bf4 Rae8 22. Bd5 {[%emt 0:00:12] A strong pair of Bishops.} Ne5 23. Bxe5 Rxe5 24. Bxf7 Rg5 25. Be6 (25. Qxh6 $11 {remains equal.} Rgxf5 26. Qd2) 25... Bc6 $17 {[%emt 0:00:13][%cal Oe5e3] Threatens to win with ...Re3!.} 26. Rf2 {[%emt 0:00:01][%cal Of5f6] and f6! should not be overlooked} Qa4 $2 (26... c4 $1 $15 {stays ahead.} 27. f6 (27. Bxc4 $2 Qc5 $19) 27... Qc5) 27. Raf1 $2 (27. Qxh6 Qg4) (27. f6 $18 Bxg2 (27... Rh5 $2 28. Qg4 $18) 28. Rxg2 Rxg2+ 29. Qxg2) 27... Qe4 $11 28. f6 $2 Rxe6 $19 29. f7 Reg6 30. Qf3 Rxg2+ 31. Rxg2 Rxg2+ 32. Kxg2 Qg6+ $2 (32... Qxf3+ $2 33. Rxf3 Bxf3+ 34. Kxf3 $18) (32... Qg4+ {mates} 33. Kh1 Bxf3+ 34. Rxf3 Qxf3+ 35. Kg1 Qxf7 (35... Qxc3 $2 36. f8=Q $19) 36. a4 Qg7+ 37. Kf2 Qxc3 38. a5 c4 (38... Qxa5 {is a self mate.} 39. h3 c4 40. Ke2 Qd5 41. h4 c3 42. Kf2 c2 43. Kg3 c1=Q 44. Kg4 Qc3 45. h5 Qg5#) 39. h4 Qd2+ (39... Qxa5 40. Kg3 c3 41. Kh3 c2 42. Kg3 Qe5+ 43. Kh3 c1=Q 44. Kg2 Qe2+ 45. Kh3 Qce3#) 40. Kf3 c3 (40... Qxa5 41. Ke4 Qe5+ 42. Kf3 c3 43. Kg4 c2 44. Kf3 c1=Q 45. Kf2 Qh2+ 46. Kf3 Qcf4#) 41. Kg3 c2 42. Kg4 Qg2+ (42... c1=R 43. Kf5 Qf2+ 44. Kg6 Rg1+ 45. Kh5 Qf7+ 46. Kxh6 Qg6#) (42... c1=Q 43. Kf5 Qg2 44. Ke6 Qf4 45. h5 Qge4#) 43. Kh5 c1=Q (43... c1=R $2 44. a6 Rg1 45. Kxh6 Qg6#) 44. a6 Qgg5+ 45. hxg5 Qxg5#) 33. Kf2 $2 (33. Kh1 $11 Bxf3+ (33... Qxf7 $2 34. Qxc6+ Kxc6 35. Rxf7 $18) 34. Rxf3 Qb1+ 35. Kg2 Qg6+ (35... Qxa2+ $2 {too greedy.} 36. Kg3 $18) 36. Kf1 Qb1+ 37. Kg2) 33... Bxf3 34. f8=Q 0-1